 Dungeon Crawl Stone Soup version 0.26.1-11-gd32895ea62 (webtiles) character file.

Game seed: 12514651186032560902

1732 ComPlaying the Cleaver (level 8, -14/71 HPs)
             Began as a Minotaur Fighter on July 15, 2021.
             Was a Believer of Yredelemnul.
             Demolished by a death yak (16 damage)
             ... on level 9 of the Dungeon on July 16, 2021.
             The game lasted 00:48:39 (7851 turns).

ComPlaying the Cleaver (Minotaur Fighter)           Turns: 7851, Time: 00:48:40

Health: -14/71     AC: 17    Str: 21    XL:     8   Next: 76%
Magic:  7/7        EV:  6    Int:  6    God:    Yredelemnul [**....]
Gold:   228        SH: 10    Dex: 11    Spells: 7/7 levels left

rFire    . . .     SeeInvis .   a - +1 war axe
rCold    . . .     Faith    .   c - +0 kite shield
rNeg     + . .     Spirit   .   B - +1 plate armour
rPois    .         Reflect  .   (helmet restricted)
rElec    .         Harm     .   Q - +1 cloak
rCorr    .         Rampage  .   e - +0 pair of gloves
Will     .....                  (no boots)
Stlth    ..........             (no amulet)
HPRegen  0.21/turn              G - ring of positive energy
MPRegen  0.10/turn              (no ring)

@: mighty
A: retaliatory headbutt, horns 2
a: Renounce Religion, Animate Remains, Recall Undead Slaves, Injury Mirror


You were on level 9 of the Dungeon.
You worshipped Yredelemnul.
Yredelemnul was pleased with you.
You visited 1 branch of the dungeon, and saw 7 of its levels.
You also visited: Sewer.

You collected 228 gold pieces.

Inventory:

Hand Weapons
 a - a +1 war axe (weapon)
 j - a +0 mace
 r - a +0 hunting sling
 A - a +0 shortbow
 K - a +5 flail of venom
 P - a +3 quarterstaff of chaos
Missiles
 f - 7 boomerangs
 k - 42 poisoned darts (quivered)
 p - 99 arrows
 u - 143 stones
 I - 14 bolts
Armour
 b - a +0 scale mail
 c - a +0 kite shield (worn)
 e - a +0 pair of gloves (worn)
 l - a +0 kite shield
 B - a +1 plate armour (worn)
 Q - a +1 cloak (worn)
Jewellery
 G - a ring of positive energy (left hand)
 H - a cursed -4 ring of intelligence {unknown}
 J - an uncursed ring of positive energy
 M - an uncursed ring of wizardry {unknown}
Wands
 L - a wand of disintegration (12)
 N - a wand of acid (11)
 O - a wand of random effects (17)
Scrolls
 h - 5 scrolls of remove curse
 n - 6 scrolls of identify {unknown}
 w - a scroll of fog {unknown}
 y - 2 scrolls of teleportation
 E - 2 scrolls of enchant weapon
 F - a scroll of magic mapping {unknown}
Potions
 d - 3 potions of might
 g - 2 potions of flight {unknown}
 m - a potion of brilliance {unknown}
 o - 3 potions of degeneration {unknown}
 q - a potion of ambrosia {unknown}
 s - 3 potions of curing
 t - a potion of haste
 x - 2 potions of magic {unknown}
 z - a potion of berserk rage {unknown}
 D - 2 potions of lignification {unknown}


   Skills:
 + Level 6.5 Fighting
 + Level 8.7 Axes
 + Level 6.8 Armour
 + Level 2.6 Dodging
 + Level 1.1 Stealth
 + Level 6.9 Shields


You had 7 spell levels left.
You didn't know any spells.
Your spell library was empty.

Dungeon Overview and Level Annotations

Branches:
Dungeon (6/15)               Lair (0/6) D:9           Sewer (visited)
 Temple: D:4-7

Altars:
Yredelemnul


Innate Abilities, Weirdness & Mutations

You reflexively headbutt those who attack you in melee.
You have a pair of horns on your head.


Message History

The orc shouts!
The jackal barely misses you. The death yak gores you!
* * * LOW HITPOINT WARNING * * *
As you read the scroll labelled NYMUOC GOMA, it crumbles to dust.
You feel strangely unstable.
It was a scroll of teleportation.
The jackal bites you but does no damage.
As you read the scroll of teleportation, it crumbles to dust.
You feel strangely stable.
You feel yourself slow down. The death yak gores you.
* * * LOW HITPOINT WARNING * * *
You block the jackal's attack. The death yak gores you.
* * * LOW HITPOINT WARNING * * *
As you read the scroll labelled POANIF RATAORR, it crumbles to dust.
It is a scroll of enchant weapon.
Your +0 war axe glows red for a moment.
The jackal bites you but does no damage.
The death yak gores you!
You die...
Your body rises from the dead as a mindless zombie.

#..............#
######.........Y..r.#
.####./.......######r...#
..............# .+....#
..............# ..#....#
..............# ...#.r..#
..........#r###....#....#
..........#YY......#....#
..$.......#h@......#....#
..........#o########..Y.###
###########'# #####...# o..
#......## ..... #...Y†.#
....... #......# .....##.#
###l.r## ####..# .# #####
..o. .


You could see 2 death yaks, an orc wizard, an orc, a jackal and a rat.

Vanquished Creatures
  Grinder (D:6)
  Edmund (D:5)
  Menkaure (D:6)
  A sky beast (D:6)
  An orc warrior (D:6)
  A phantom (D:6)
  An ogre (D:4)
  A centaur (D:6)
  A bullfrog (D:6)
  A bullfrog zombie (D:4)
  2 hounds
  4 orc wizards
  Crazy Yiuf (D:6)
  An orc priest (D:6)
  2 bullfrog skeletons
  An iguana (D:4)
  5 worker ants
  A hell rat (D:9)
  A hound zombie (D:6)
  3 gnolls (D:5)
  A howler monkey skeleton (D:5)
  8 adders
  A shadow imp (D:6)
  2 white imps (D:5)
  3 ufetubi
  2 oozes (D:2)
  An adder zombie (D:6)
  3 worms
  A dart slug (D:2)
  6 leopard geckos
  17 orcs
  9 giant cockroaches
  5 goblins
  5 hobgoblins
  20 jackals
  A quokka (D:4)
  9 ball pythons
  8 bats
  12 frilled lizards
  15 kobolds
  A leopard gecko skeleton (D:6)
  8 rats
169 creatures vanquished.

Vanquished Creatures (others)
  21 plants (Sewer)
  3 withered plants (D:2)
24 creatures vanquished.

Grand Total: 193 creatures vanquished

Notes
Turn   | Place    | Note
-------+----------+-------------------------------------------
     0 | D:1      | ComPlaying the Minotaur Fighter began the quest for the
                  | Orb.
     0 | D:1      | Reached XP level 1. HP: 19/19 MP: 0/0
   267 | D:1      | Reached XP level 2. HP: 27/27 MP: 1/1
   695 | D:1      | Reached XP level 3. HP: 31/33 MP: 2/2
   839 | D:2      | Reached skill level 3 in Axes
  1249 | D:2      | Reached XP level 4. HP: 40/40 MP: 3/3
  1266 | D:2      | Reached skill level 1 in Dodging
  1356 | D:2      | Found a basalt altar of Yredelemnul.
  1376 | D:2      | Became a worshipper of Yredelemnul the Dark
  1740 | D:2      | Reached skill level 4 in Axes
  2034 | D:3      | Found a glowing drain.
  2046 | D:3      | Reached XP level 5. HP: 37/46 MP: 4/4
  2084 | Sewer    | Entered a sewer
  2571 | Sewer    | Reached * piety under Yredelemnul
  3961 | D:4      | Reached skill level 5 in Shields
  3961 | D:4      | Reached XP level 6. HP: 45/53 MP: 5/5
  4639 | D:4      | Reached skill level 5 in Armour
  4646 | D:4      | Reached ** piety under Yredelemnul
  4670 | D:4      | Reached skill level 5 in Axes
  5175 | D:5      | Entered Level 5 of the Dungeon
  5203 | D:5      | Reached skill level 5 in Fighting
  5256 | D:5      | Reached XP level 7. HP: 47/61 MP: 6/6
  5422 | D:5      | Noticed Edmund
  5461 | D:5      | Killed Edmund
  5706 | D:5      | Reached skill level 6 in Axes
  6765 | D:6      | Reached skill level 7 in Axes
  6765 | D:6      | Reached skill level 1 in Stealth
  6765 | D:6      | Reached XP level 8. HP: 46/70 MP: 7/7
  7229 | D:6      | Noticed Grinder
  7234 | D:6      | Paralysed by Grinder for 3 turns
  7259 | D:6      | Killed Grinder
  7260 | D:6      | Reached skill level 8 in Axes
  7558 | D:6      | Noticed Menkaure
  7566 | D:6      | Killed Menkaure
  7671 | D:6      | Found a runed translucent door.
  7672 | D:6      | Noticed Crazy Yiuf
  7678 | D:6      | Killed Crazy Yiuf
  7747 | D:6      | You fall into a shaft and drop 3 floors!
  7747 | D:9      | Found a staircase to the Lair.
  7747 | D:9      | Noticed a death yak
  7747 | D:9      | Noticed a death yak
  7747 | D:9      | Noticed a death yak
  7850 | D:9      | HP: 2/71 [death yak (2)]
  7851 | D:9      | Demolished by a death yak

Illustrated notes

Levels and vault maps discovered:
D:1:      scummos_arrival_simple_fountains, layout_basic
D:2:      minmay_spotlight, layout_basic, yredelemnul_altar_generic
D:3:      layout_basic, portal_sewer_entry_a
D:4:      layout_loops_corners
D:5:      layout_cave_pools, uniq_edmund
D:6:      layout_loops_ring, uniq_crazy_yiuf_cottage, uniq_grinder,
          uniq_menkaure
D:9:      layout_gridville, dpeg_lair_monsters, hangedman_abyss_or_decor_stagger

Skill      XL: |  1  2  3  4  5  6  7  8 |
---------------+-------------------------+-----
Armour         | 4 5 6 |  6.8
Fighting       | 4 5 6 |  6.5
Shields        | 4 5 6 |  6.9
Axes           | 3 4 5 7 8 |  8.7
Dodging        | 1 2 |  2.6
Stealth        | 1 |  1.1

Action                   |  1- 3 |  4- 6 |  7- 9 || total
-------------------------+-------+-------+-------++-------
Melee: War axe           |   128 |   265 |   185 ||   578
       Headbutt          |     8 |    43 |    40 ||    91
  Use: Potion            |       |     3 |     5 ||     8
       Scroll            |       |       |    10 ||    10
Armor: Scale mail        |    50 |    66 |       ||   116
       Ring mail         |       |    35 |     8 ||    43
       Plate armour      |       |       |    72 ||    72
Dodge: Dodged            |    47 |    89 |    39 ||   175
Block: Kite shield       |    67 |   144 |    92 ||   303
